Cogmind - Beta 10 *** ADVENTURER MODE // 2020.09.16 @ 17:01:11 Player: ChromeKnight Result: Destroyed by as-92451 with Assembled Rifle Performance ------------- Evolutions (0) 0 Regions Visited (4) 800 Robots Destroyed (8) 40 Value Destroyed (128) 128 Prototype IDs (0) 0 Alien Tech Used (0) 0 Bonus (321) 321 TOTAL SCORE: 1289 Bonus ------- Follower Combat Kills 21 Aligned with FarCom 300 Cogmind --------- Core Integrity 0/250 Matter 290/300 Energy 148/150 System Corruption 10% Temperature Cool (1) Movement Walking (120) Location -9/Mines Parts ------- > --- POWER (1) -------- Light Angular Momentum Engine > --- PROPULSION (2) --- Carbon-fiber Leg > --- UTILITY (2) ------ Small Storage Unit > --- WEAPON (2) ------- (None) > --- INVENTORY (6) ---- Light Angular Momentum Engine Sensor Drone Bay PSU Rigger Peak State ------------ > --- POWER ------------ Light Angular Momentum Engine > --- PROPULSION ------- Carbon-fiber Leg Flight Unit > --- UTILITY ---------- Small Storage Unit > --- WEAPON ----------- Beamcaster Light Assault Rifle > --- INVENTORY -------- Light Angular Momentum Engine Carbon-fiber Leg PSU Rigger [Rating: 17] Favorites ----------- Power Light Ion Engine Engine Light Ion Engine Power Core Light Nuclear Core Propulsion Flight Unit Leg Aluminum Leg Flight Unit Flight Unit Utility Small Storage Unit Storage Small Storage Unit Processor Targeting Computer Weapon Light Assault Rifle Energy Gun Medium Laser Ballistic Gun Light Assault Rifle Build | -11 -10 -10 -10 -9 ------- Run | Scr Mat Min Exi Min Slots Evolved . | . . . . . Power . | . . . . . Propulsion . | . . . . . Utility . | . . . . . Weapon . | . . . . . Parts Attached 20 | 7 5 . . 8 Power 5 | 2 1 . . 2 Engine 4 | 2 1 . . 1 Core 1 | . . . . 1 Reactor . | . . . . . Propulsion 9 | 2 2 . . 5 Treads . | . . . . . Leg 4 | 2 . . . 2 Wheel . | . . . . . Hover . | . . . . . Flight 5 | . 2 . . 3 Utility 2 | 1 1 . . . Device . | . . . . . Storage 1 | 1 . . . . Processor 1 | . 1 . . . Hackware . | . . . . . Protection . | . . . . . Artifact . | . . . . . Weapon 4 | 2 1 . . 1 Energy Gun 3 | 2 . . . 1 Energy Cannon . | . . . . . Ballistic Gun 1 | . 1 . . . Ballistic Cannon . | . . . . . Launcher . | . . . . . Special Weapon . | . . . . . Impact Weapon . | . . . . . Slashing Weapon . | . . . . . Piercing Weapon . | . . . . . Special Melee Weapon . | . . . . . Unidentified Prototypes . | . . . . . Parts Lost 9 | . 1 . . 8 Power 2 | . . . . 2 Propulsion 3 | . . . . 3 Utility 1 | . . . . 1 Weapon 3 | . 1 . . 2 Highest Loss Streak 5 | . 1 . . 5 Average Slot Usage (%) 82 | . 92 85 85 70 Engine 12 | . 14 14 14 10 Leg 9 | . 24 . . 2 Flight 16 | . 2 28 28 21 Storage 14 | . 14 14 14 14 Processor 10 | . 10 14 14 7 Energy Gun 8 | . 23 . . . Ballistic Gun 8 | . 1 14 14 11 Naked Turns . | . . . . . Heaviest Build 19 | 12 12 8 8 19 Greatest Support 30 | 20 20 8 8 30 Greatest Overweight (x) 3 | 3 1 . . 3 Average Overweight (x) . | 1 . . . . Largest Inventory Capacity 6 | 6 6 6 6 6 Average Capacity 5 | 5 6 6 6 6 Most Carried 6 | 4 6 6 6 6 Average Carried 4 | 1 3 5 6 4 Final Capacity 6 | 6 6 6 6 6 Final Carried 6 | 2 6 6 6 3 Class Distribution -------------------- 100% | Mutant Dominant Class ---------------- Mutant | -10/Materials Mutant | -10/Mines Mutant | -10/Exiles Mutant | -9/Mines Resources | -11 -10 -10 -10 -9 ----------- Run | Scr Mat Min Exi Min Matter Collected 377 | 180 135 . . 62 Remotely . | . . . . . Salvage Created 202 | . 186 . . 16 Parts 12 | . 12 . . . Haulers Intercepted . | . . . . . Recyclers Shooed . | . . . . . Parts Field Recycled . | . . . . . Retrieved Matter . | . . . . . Parts Self-Destructed . | . . . . . Prevented . | . . . . . Kills | -11 -10 -10 -10 -9 ------- Run | Scr Mat Min Exi Min Combat Hostiles Destroyed 6 | . 5 . . 1 Guns 6 | . 5 . . 1 Classes Destroyed 5 | . 4 . . 1 Worker 1 | . 1 . . . Watcher 1 | . 1 . . . Swarmer 3 | . 3 . . . Grunt 2 | . 2 . . . Assembled 1 | . . . . 1 Best Kill Streak 7 | . 7 . . 1 Combat Bots Only 5 | . 5 . . 1 Max Kills in Single Turn 1 | . 1 . . 1 Gunslinging . | . . . . . Exploded . | . . . . . Melee . | . . . . . Uniques/NPCs Destroyed . | . . . . . Combat | -11 -10 -10 -10 -9 -------- Run | Scr Mat Min Exi Min Damage Taken 885 | . 295 15 . 575 Core 250 | . 75 11 . 164 Absorbed by Shields . | . . . . . Core Remaining (%) 100 | 100 . . . . Volleys Fired 25 | . 18 . . 7 Largest 2 | . 2 . . 2 Hottest 95 | . 90 . . 95 Shots Fired 38 | . 29 . . 9 Gun 38 | . 29 . . 9 Cannon . | . . . . . Launcher . | . . . . . Special . | . . . . . Kinetic 8 | . . . . 8 Thermal 30 | . 29 . . 1 Explosive . | . . . . . Electromagnetic . | . . . . . Robot Hit Streak 7 | . 7 . . 3 Robot Miss Streak 2 | . 2 . . 1 Penetration Max . | . . . . . Secondary Targets 1 | . 1 . . . Max Gunslinging Chain 1 | . 1 . . . Shots Hit Robots 27 | . 22 . . 5 Core Hits 15 | . 10 . . 5 Critical Hits . | . . . . . Critical Kills . | . . . . . Critical Parts Destroyed . | . . . . . Melee Attacks . | . . . . . Impact . | . . . . . Slashing . | . . . . . Piercing . | . . . . . Sneak Attacks . | . . . . . Combat Hostiles . | . . . . . Follow-up Attacks . | . . . . . Damage Inflicted 355 | . 285 . . 70 Guns 340 | . 285 . . 55 Cannons . | . . . . . Explosions . | . . . . . Melee . | . . . . . Ramming 15 | . . . . 15 Kinetic 33 | . . . . 33 Thermal 307 | . 285 . . 22 Explosive . | . . . . . Electromagnetic . | . . . . . Impact . | . . . . . Slashing . | . . . . . Piercing . | . . . . . Highest Corruption 10 | . . . . 10 Average Corruption 8 | . . . . 8 Corruption Purged . | . . . . . Effects 10 | . . . . 10 Matter Fused 1 | . . . . 1 Parts Rejected 2 | . . . . 2 Data Loss (major) 1 | . . . . 1 Misfires 1 | . . . . 1 Misdirections 4 | . . . . 4 Targeting Errors 1 | . . . . 1 Overload Shots . | . . . . . Overflow Damage . | . . . . . Projectiles . | . . . . . Explosions . | . . . . . Melee . | . . . . . Knockbacks . | . . . . . Impact . | . . . . . Kinetic . | . . . . . Secondary . | . . . . . Self-Inflicted Damage 6 | . . . . 6 Shots . | . . . . . Rammed 6 | . . . . 6 Targets Rammed 8 | . . . . 8 Kicked 2 | . . . . 2 Crushed . | . . . . . Highest Temperature 433 | . 433 . . 58 Average Temperature 195 | . 231 . . 16 Received Heat Transfer 171 | . 111 . . 60 Effects 5 | . 5 . . . Matter Decay 1 | . 1 . . . Short Circuit 1 | . 1 . . . Damage (major) 3 | . 3 . . . Siege Activations . | . . . . . Robots Corrupted . | . . . . . Combat Hostiles . | . . . . . Parts Fried . | . . . . . Impact Corruptions . | . . . . . Robots Melted . | . . . . . Combat Hostiles . | . . . . . Parts Melted 1 | . 1 . . . Heat Transferred 817 | . 780 . . 37 Parts Sabotaged . | . . . . . Parts Stolen . | . . . . . Parts Stripped . | . . . . . Power Chain Reactions . | . . . . . Missiles Intercepted . | . . . . . Alert | -11 -10 -10 -10 -9 ------- Run | Scr Mat Min Exi Min Peak Influence 137 | . 137 119 . . Initial 45 | . . 45 . . Average 18 | . 29 71 . . Maximum Alert Level . | . . . . . Low Security (%) 100 | 100 100 100 . 100 Level 1 . | . . . . . Level 2 . | . . . . . Level 3 . | . . . . . Level 4 . | . . . . . Level 5 . | . . . . . High Security . | . . . . . Max Security . | . . . . . Squads Dispatched . | . . . . . Investigation . | . . . . . Extermination . | . . . . . Reinforcement . | . . . . . Assault . | . . . . . Garrison . | . . . . . Intercept . | . . . . . Construction Impeded . | . . . . . Haulers Reinforced . | . . . . . Stealth | -11 -10 -10 -10 -9 --------- Run | Scr Mat Min Exi Min Distress Signals 2 | . 2 . . . Communications Jammed . | . . . . . Distress Signals . | . . . . . Times Spotted 24 | . 7 3 . 14 Peak Tracking Total 5 | . 4 3 . 5 Tactical Retreats 3 | . . . . 3 Traps | -11 -10 -10 -10 -9 ------- Run | Scr Mat Min Exi Min Traps Triggered . | . . . . . Indirectly . | . . . . . Trap Hack Attempts . | . . . . . Triggered . | . . . . . Disarmed . | . . . . . Reprogrammed . | . . . . . Reused . | . . . . . Traps Extracted . | . . . . . Installed . | . . . . . Triggered . | . . . . . Machines | -11 -10 -10 -10 -9 ---------- Run | Scr Mat Min Exi Min Machines Disabled . | . . . . . Max in Single Turn . | . . . . . Machines Sabotaged . | . . . . . Garrisons Compromised . | . . . . . Overloaded Fab Kills . | . . . . . Fab Network Shutdowns . | . . . . . Hacking | -11 -10 -10 -10 -9 --------- Run | Scr Mat Min Exi Min Machines Accessed 2 | . 1 . . 1 Terminals . | . . . . . Fabricators . | . . . . . Repair Stations . | . . . . . Recycling Units 1 | . 1 . . . Scanalyzers . | . . . . . Garrison Access . | . . . . . Total Hacks 2 | . 1 . . 1 Successful 2 | . 1 . . 1 Failed . | . . . . . Catastrophic . | . . . . . Database Lockouts . | . . . . . Manual 1 | . . . 1 . Terminals . | . . . . . Fabricators . | . . . . . Repair Stations . | . . . . . Recycling Units 1 | . 1 . . . Scanalyzers . | . . . . . Garrison Access . | . . . . . Terminal Hacks 1 | . . . . 1 Open Door 1 | . . . . 1 Fabricator Hacks . | . . . . . Repair Station Hacks . | . . . . . Recycling Unit Hacks 1 | . 1 . . . Retrieve Components 1 | . 1 . . . Scanalyzer . | . . . . . Garrison Access Hacks . | . . . . . Unauthorized Hacks . | . . . . . Terminals . | . . . . . Fabricators . | . . . . . Repair Stations . | . . . . . Recycling Units . | . . . . . Scanalyzers . | . . . . . Garrison Access . | . . . . . Data Cores Recovered . | . . . . . Used . | . . . . . Hacking Detections . | . . . . . Full Trace Events . | . . . . . Feedback Events . | . . . . . Feedback Blocked . | . . . . . Robot Schematics Acquired . | . . . . . Robots Built . | . . . . . Matter . | . . . . . Time . | . . . . . Total Robot Build Rating . | . . . . . Part Schematics Acquired . | . . . . . Parts Built . | . . . . . Matter . | . . . . . Time . | . . . . . Total Part Build Rating . | . . . . . Parts Repaired . | . . . . . Time . | . . . . . Parts Recycled . | . . . . . Recycled Matter . | . . . . . Retrieved Matter . | . . . . . Retrieved Components 1 | . 1 . . . Parts Scanalyzed . | . . . . . Part Schematics Acquired . | . . . . . Parts Damaged . | . . . . . Bothacking | -11 -10 -10 -10 -9 ------------ Run | Scr Mat Min Exi Min Used RIF Installer . | . . . . . Robots Hacked . | . . . . . Non-combat . | . . . . . Combat . | . . . . . Robot Hacks Applied . | . . . . . Relay Couplers Released . | . . . . . Robots Rewired . | . . . . . Allies Hacked . | . . . . . Hacks Repelled . | . . . . . Allies | -11 -10 -10 -10 -9 -------- Run | Scr Mat Min Exi Min Total Allies 5 | . . 3 . 2 Largest Group 3 | . . 3 . 2 Highest-Rated Group 41 | . . 40 . 41 Highest-Rated Ally 31 | . . 16 . 31 Total Orders . | . . . . . Ally Attacks 9 | . . 3 . 6 Total Damage 81 | . . 37 . 44 Kills 4 | . . 3 . 1 Allies Corrupted . | . . . . . Allies Melted . | . . . . . Intel | -11 -10 -10 -10 -9 ------- Run | Scr Mat Min Exi Min Robot Analysis Total . | . . . . . Derelict Logs Recovered . | . . . . . Drone Launches . | . . . . . Drone Recoveries . | . . . . . Exploration | -11 -10 -10 -10 -9 ------------- Run | Scr Mat Min Exi Min Turns Passed 779 | 81 256 65 122 255 Spaces Moved 981 | 47 161 90 238 445 Core 44 | 37 . . . 7 Treads . | . . . . . Legs 137 | 10 104 . . 23 Wheels . | . . . . . Hover . | . . . . . Flight 800 | . 57 90 238 415 Fastest Speed 37 | 50 37 37 37 37 Average Speed 55 | 147 91 37 37 46 Slowest Speed 200 | 200 120 37 37 200 Overloaded Moves . | . . . . . Propulsion Burnouts . | . . . . . Robots Hopped 10 | . . . . 10 Cave-ins Triggered . | . . . . . Exploration Rate (%) 35 | 4 28 17 63 66 Regions Visited 4 Branch Regions 3 Pre-discovered Areas . | . . . . . Known Exits Taken . | . . . . . Unknown Exits Taken 4 | 1 1 1 1 . Scrap Searched 1 | . . 1 . . Spaces Dug . | . . . . . Terrain Destroyed . | . . . . . Melee . | . . . . . Projectile . | . . . . . AOE . | . . . . . Terrain Rammed . | . . . . . Walls Destroyed . | . . . . . Machines Disabled . | . . . . . Actions | -11 -10 -10 -10 -9 --------- Run | Scr Mat Min Exi Min Total 1164 | 56 241 122 271 474 Wait 118 | . 49 27 32 10 Move 959 | 46 160 89 237 427 Hop 8 | . . . . 8 Pick Up 15 | 3 5 3 1 3 Fast Attach 10 | 4 3 . . 3 Attach 9 | 2 2 . . 5 Detach 1 | . 1 . . . Swap 1 | 1 . . . . Drop 9 | . 3 3 1 2 Fire 25 | . 18 . . 7 Melee . | . . . . . Ram 2 | . . . . 2 Kick 7 | . . . . 7 Crush . | . . . . . Escape Stasis . | . . . . . Rewire . | . . . . . Trap . | . . . . . Miscellaneous . | . . . . . Route ------- -11/Scrapyard -10/Materials -10/Mines -10/Exiles -9/Mines History --------- Turn | Location | Event 34 | -11/Scrapyard | Discovered new exit (range 16) 82 | -11/Scrapyard | Entered Materials 328 | -10/Materials | Discovered new exit (range 12) 333 | -10/Materials | Build established: Mutant 338 | -10/Materials | Entered Mines 339 | -10/Mines | Assisted by bots powering up and referring to "LRC-V3" 401 | -10/Mines | Deemed a non-threat by the Exiles lab entrance 401 | -10/Mines | Discovered new exit (range 5) 403 | -10/Mines | Entered Exiles 446 | -10/Exiles | Met 8R-AWN 453 | -10/Exiles | Met EX-HEX 469 | -10/Exiles | Met EX-BIN 474 | -10/Exiles | Aligned with FarCom system 474 | -10/Exiles | Given EX-Vault access code 485 | -10/Exiles | Opened EX-Vault 488 | -10/Exiles | Found Prototype Device 497 | -10/Exiles | Warned to stay clear of 0b10 Research branches 507 | -10/Exiles | Met EX-DEC 520 | -10/Exiles | Discovered new exit (range 14) 525 | -10/Exiles | Left Exiles lab with PSU Rigger 525 | -10/Exiles | Entered Mines 527 | -9/Mines | Assembled infested the area 532 | -9/Mines | Assisted by a Guerilla fighting off Assembled 674 | -9/Mines | Core integrity fell below 50% 702 | -9/Mines | System corruption reached 10% 732 | -9/Mines | Lost 5 parts (2p2n1u) 770 | -9/Mines | Found the Drone Emporium 770 | -9/Mines | Core integrity fell below 20% 776 | -9/Mines | Found Prototype Device 780 | -9/Mines | Destroyed by as-92451 with Assembled Rifle Last Messages --------------- 00749_ Kicked as-40560 out of the way. 00750_ Slammed into as-40560. 00751_ Slammed into as-40294. 00752_ System corrupted: Matter fused (-7). 00752_ Acquired 7 matter. 00752_ Flight Unit destroyed. 00768_ System corrupted: Carbon-fiber Leg rejected. 00769_ Connecting with SHOP.Sys... 00769_ Current location identified: Mines >>Open Door Sealed Doors opened. 00770_ VL-X5D(g): "Well that was anticlimactic. Heard you outside and thought you were from the Merchants Guild. I haven't even officially opened my Drone Emporium yet but am totally ready to tell them where they can shove that C&D." 00771_ as-40560 destroyed. 00772_ VL-X5D(g): "I'm a fan of the free market. Free drones for all! No strings attached!" 00772_ VL-X5D(g) suffers critical hit. 00776_ Acquired Prototype Device. 00777_ VL-X5D(g) destroyed. Map ----- +----------------------------------------------------+ | | | | | | | | | | | | | | | | | | | | | | | | | ??????????????????????????????????????????? | | ??????????????????????????????????????????? | | ??????????????????????????????????????????? | | ??????????????????????????????????????????? | | ??????????????????????????????????????????? | | ??????????????????????????????? ??????????? | | ?????????????????????????????? #??????????? | | ??????????????????????????????!#??????????? | | ??????????????????????????????%#??????????? | | ??????????????#############?? #??????????? | | ?????????????##""## ##? #??????????? | | ?????????????#" $# ## #??????????? | | ?????????????#" a $#??????????? | | ?????????????#" @aa #??????????? | | ?????????????#" #X % #?##########??? | | ?????????????##""## =% #?# #??? | | ??????????????###### ## #?# #??? | | ??????????????????# ###!=### !%""" #??? | | ?????????????????# #?#**%!! =!""" #??? | | ??????????????? #?##|###= """ #??? | | ????????????? ##??#%#?# % #??? | | ??????????? ##???#!#?# """ #??? | | ?????????? ### ###????#!#?# """ #??? | | ????????? ???####???#####%#?# """ #??? | | ??????????????????????#*!=%=#?# %! #??? | | ??????????????????????#%#####?# = #??? | | ??????????????????????#%#?????# #??? | | ??????????????????????#%#?????# #??? | | ??????????????????????#%#?????# #??? | | ??????????###?????????#%#?????##########??? | | ?????????# ##??????###=###??????????????## | | ????????# #?????## =% #######???????## | | ???????# #?????# #???????# | | ??##### ??????# % #???????# | | ?## ??????## ## #????????# | | ?# #???????# ##????????????? | | ?# #????????# ####?????????????? | | ??# #???????## ##????# ###???????? | +----------------------------------------------------+ Best States ------------- Heat Dissipation 25 Energy Generation 18 Energy Capacity 250 Matter Stores 300 Matter Capacity 300 Sight Range 16 Terrain Scan Density 10 Resistance: KI 20 Resistance: TH 20 Resistance: EX 20 Resistance: EM 20 Resistance: I 20 Resistance: S 20 Resistance: P 20 Evasion (%) 62 Targeting Accuracy 5 Offensive Hacking 10 Item Schematics ----------------- None Robot Schematics ------------------ None Fabricated ------------ Nothing Alien Tech Used ----------------- None Achievements -------------- None Challenges ------------ None Game ------ Seed SubatomicDeuteriumMallet Manual? 0 Play Time 00:11:29 Cumulative 42.2 hours Start 2020.09.16 @ 16:21:35 End 2020.09.16 @ 17:01:11 Sessions 1 Manual Loads 0 Difficulty Adventurer Special Mode None Game No. 116 Rogue 1 Adventurer 113 Explorer 2 Win Type - Total 0 Types 0/0/0/0/0/0/0/0/0 Lore% 28 Gallery% 50 Achievement% 40 Wizard Run 0 Options --------- ASCII 0 Keyboard 0 Movement Arrows Keybinds 0 Fullscreen 1 Font 14/Smallcaps Map View 84x54 Tactical HUD 1 Map Filters NONE Filters NONE Steam 1 RUN: b3ded99b-cb59-4408-8f71-d1fc663d7d78